 Dungeon Crawl Stone Soup version 0.24.0-123-gd5b16e6ec5 (webtiles) character file.

Game seed: 4215612716529872008, levelgen mode: deterministic

921 Norian the Thaumaturge (level 7, -2/36 HPs)
             Began as a Deep Elf Conjurer on Dec 24, 2019.
             Slain by a black bear (3 damage)
             ... on level 6 of the Dungeon.
             The game lasted 00:09:29 (3602 turns).

Norian the Thaumaturge (Deep Elf Conjurer)          Turns: 3602, Time: 00:09:30

Health: -2/36      AC:  5    Str:  7    XL:     7   Next: 84%
Magic:  1/20       EV: 13    Int: 20    God:
Gold:   214        SH:  0    Dex: 15    Spells: 13/22 levels left

rFire    . . .     SeeInvis .   v - +3 trident (freeze)
rCold    . . .     Gourm    .   (no shield)
rNeg     . . .     Faith    .   a - +0 robe
rPois    .         Spirit   .   t - +2 helmet
rElec    .         Reflect  .   (no cloak)
rCorr    .         Harm     .   (no gloves)
MR       .....                  (no boots)
Stlth    ++........             (no amulet)
HPRegen  0.12/turn              (no ring)
MPRegen  0.17/turn              (no ring)

@: no status effects
A: no striking features
a: no special abilities


You were on level 6 of the Dungeon.
You were not hungry.

You visited 1 branch of the dungeon, and saw 5 of its levels.

You collected 214 gold pieces.

Inventory:

Hand Weapons
 v - a +3 trident of freezing (weapon)
Armour
 a - a +0 robe (worn)
 t - a +2 helmet (worn)
Scrolls
 b - a scroll of fear {unknown}
 e - 2 scrolls of blinking {unknown}
 f - 2 scrolls of enchant weapon {unknown}
 h - 3 scrolls of teleportation {unknown}
 k - a scroll of fog {unknown}
 l - a scroll of remove curse {unknown}
 n - 6 scrolls of identify {unknown}
 p - 3 scrolls of enchant armour {unknown}
 x - a scroll of magic mapping {unknown}
Potions
 d - a potion of resistance {unknown}
 g - a potion of invisibility {unknown}
 i - a potion of lignification {unknown}
 j - a potion of degeneration {unknown}
 m - a potion of agility {unknown}
 o - a potion of ambrosia {unknown}
 q - a potion of haste {unknown}
 r - a potion of flight {unknown}
 s - a potion of brilliance {unknown}
 w - 2 potions of berserk rage {unknown}
Comestibles
 c - 7 rations
 u - 2 chunks of flesh


   Skills:
 - Level 2.4 Dodging
 - Level 2.4 Stealth
 + Level 8.1 Spellcasting
 + Level 7.7 Conjurations
 + Level 4.6 Hexes


You had 13 spell levels left.
You knew the following spells:

 Your Spells              Type           Power        Failure   Level  Hunger
a - Magic Dart            Conj           ####         1%          1    None
b - Iskenderun's Mystic   Conj           #####...     3%          4    ###....
c - Fulminant Prism       Conj/Hex       ####......   7%          4    ###....

Your spell library contained the following spells:

 Spells                   Type           Power        Failure   Level  Hunger
 Searing Ray              Conj           #####.       1%          2    None
 Dazzling Spray           Conj/Hex       ####..       1%          3    None
 Force Lance              Conj/Tloc      ###.....     17%         4    ###....


Dungeon Overview and Level Annotations

Branches:
Dungeon (4/15)
 Temple: D:4-7

Altars:
Ashenzari
Cheibriados
Dithmenos
Fedhas
Kikubaaqudgha
Vehumet


Message History

The black bear barely misses you.
The black bear claws you but does no damage.
Casting: Magic Dart (safe; 1% risk of failure)
Confirm with . or Enter, or press ? or * to list all spells.
Aiming: Magic Dart (safe; 1% risk of failure)
Press: ? - help, Shift-Dir - straight line, f/p - black bear
Aim: a black bear (almost dead, berserk, fast, unusually strong)
Okay, then.
Attack whom?
Press: ? - help, Dir - move target cursor, f/p - black bear
Aim: a black bear (almost dead, berserk, fast, unusually strong)
You closely miss the black bear.
The black bear is almost dead.
The black bear bites you! The black bear closely misses you.
The black bear misses you. The black bear bites you!
* * * LOW HITPOINT WARNING * * *
The black bear claws you.
* * * LOW HITPOINT WARNING * * *
The black bear claws you.
You die...

. #. #.##+## #. ##
#.#...## #.########.
#......## #......<...
##.......## ##.###.##..
.##.........####...##.##..
............'............>
#........[####...#.###..
##.....@h## ##.##.# #..
##.....## #.........
##...## ####.##### ##'##
#.# #.# #.# #.# #.# ##.##
##...## #.....#


You could see a black bear (berserk).

Vanquished Creatures
  Duvessa (D:6)
  A phantom (D:6)
  A necrophage (D:6)
  Dowan (D:6)
  A scorpion (D:4)
  4 wights (D:6)
  An orc priest (D:3)
  3 iguanas
  3 worker ants
  Robin (D:3)
  3 gnolls (D:6)
  5 adders
  A shadow imp (D:6)
  An ooze (D:3)
  A dart slug (D:3)
  2 worms
  3 leopard geckos
  4 orcs (D:3)
  4 giant cockroaches
  18 goblins
  6 hobgoblins
  5 jackals (D:3)
  8 kobolds
  2 quokkas
  A ball python (D:3)
  10 bats
  5 frilled lizards
  13 rats
109 creatures vanquished.

Vanquished Creatures (others)
  3 fulminant prisms (D:6)
3 creatures vanquished.

Grand Total: 112 creatures vanquished

Notes
Turn   | Place    | Note
-------+----------+-------------------------------------------
     0 | D:1      | Norian the Deep Elf Conjurer began the quest for the Orb.
     0 | D:1      | Reached XP level 1. HP: 10/10 MP: 6/6
   127 | D:1      | Reached XP level 2. HP: 15/15 MP: 5/8
   569 | D:2      | Reached skill level 4 in Spellcasting
   573 | D:2      | Reached XP level 3. HP: 19/19 MP: 5/10
   580 | D:2      | Reached skill level 5 in Conjurations
  1236 | D:2      | Found an ancient bone altar of Kikubaaqudgha.
  1236 | D:2      | Found a radiant altar of Vehumet.
  1241 | D:2      | Found a blossoming altar of Fedhas.
  1243 | D:2      | Found a snail-covered altar of Cheibriados.
  1244 | D:2      | Found a shadowy altar of Dithmenos.
  1350 | D:3      | Reached XP level 4. HP: 24/24 MP: 4/12
  1372 | D:3      | Learned a level 4 spell: Iskenderun's Mystic Blast
  1378 | D:3      | Learned a level 4 spell: Fulminant Prism
  1615 | D:3      | Reached skill level 5 in Spellcasting
  1897 | D:3      | Noticed Robin
  1906 | D:3      | Killed Robin
  1906 | D:3      | Reached XP level 5. HP: 18/28 MP: 0/14
  2465 | D:4      | Reached skill level 6 in Spellcasting
  2604 | D:4      | Reached XP level 6. HP: 32/32 MP: 6/17
  2675 | D:4      | You fall into a shaft and drop 2 floors!
  2846 | D:6      | Found a shattered altar of Ashenzari.
  2878 | D:6      | Reached skill level 1 in Hexes
  2884 | D:6      | Reached skill level 7 in Spellcasting
  2924 | D:6      | Reached XP level 7. HP: 12/36 MP: 0/19
  3176 | D:6      | Noticed Duvessa
  3176 | D:6      | Noticed Dowan
  3181 | D:6      | Killed Duvessa
  3182 | D:6      | Killed Dowan
  3558 | D:6      | Reached skill level 8 in Spellcasting
  3602 | D:6      | HP: 1/36 [black bear (6)]
  3602 | D:6      | Slain by a black bear

Levels and vault maps discovered:
D:1:      scummos_arrival_checkerplants, layout_rooms, minmay_domino_4
D:2:      layout_basic, chequers_temple_overflow_minitemple
D:3:      layout_basic, uniq_robin
D:4:      layout_gridville
D:6:      layout_loops_corners, ashenzari_conservatory_becter, st_stairs_4,
          uniq_menkaure, uniq_duvessa

Skill      XL: |  1  2  3  4  5  6  7 |
---------------+----------------------+-----
Spellcasting   | 4 5 6 7 8 |  8.1
Conjurations   | 5 6 7 |  7.7
Hexes          | 2 4 |  4.6
Dodging        | |  2.4
Stealth        | |  2.4

Action                   |  1- 3 |  4- 6 |  7- 9 || total
-------------------------+-------+-------+-------++-------
Melee: Unarmed           |     7 |     3 |       ||    10
       Trident           |       |     2 |    12 ||    14
 Cast: Magic Dart        |    88 |   117 |    27 ||   232
       Iskenderun's Myst |       |     6 |     7 ||    13
       Fulminant Prism   |       |     1 |     2 ||     3
  Eat: Chunk             |     1 |     6 |     3 ||    10
Armor: Robe              |     2 |     1 |     3 ||     6
Dodge: Dodged            |    18 |     7 |     9 ||    34
